 Dungeon Crawl Stone Soup version 0.27-a0-1595-g0b823d0a13 (webtiles) character file.

Game seed: 2562012556780711311

427 quinnr the Zephyrmancer (level 6, -1/35 HPs)
             Began as a Tengu Air Elementalist on July 20, 2021.
             Slain by a gnoll (4 damage)
             ... on level 3 of the Dungeon.
             The game lasted 00:09:14 (3824 turns).

quinnr the Zephyrmancer (Tengu Air Elementalist)    Turns: 3824, Time: 00:09:15

Health: -1/35      AC:  2    Str:  8    XL:     6   Next: 97%
Magic:  0/11       EV: 14    Int: 18    God:
Gold:   108        SH:  0    Dex: 14    Spells: 3/11 levels left

rFire    . . .     SeeInvis .   k - +1 falchion (holy)
rCold    . . .     Faith    .   (no shield)
rNeg     . . .     Spirit   .   a - +0 robe
rPois    .         Reflect  .   (helmet restricted)
rElec    .         Harm     .   (no cloak)
rCorr    .         Rampage  .   (no gloves)
Will     .....                  (boots unavailable)
Stlth    ++........             (no amulet)
HPRegen  0.11/turn              (no ring)
MPRegen  0.12/turn              (no ring)

@: flying quickly and evasively, quick
A: beak, talons 3, nimble flight
a: no special abilities


You were on level 3 of the Dungeon.
You visited 1 branch of the dungeon, and saw 4 of its levels.

You collected 108 gold pieces.

Inventory:

Hand Weapons
 k - a +1 falchion of holy wrath (weapon)
Missiles
 j - 5 curare-tipped darts
Armour
 a - a +0 robe (worn)
Jewellery
 i - an amulet of faith
Scrolls
 b - a scroll of magic mapping {unknown}
 c - a scroll of vulnerability {unknown}
 f - a scroll of enchant weapon {unknown}
 h - 3 scrolls of teleportation {unknown}
 l - a scroll of enchant armour {unknown}
Potions
 d - a potion of mutation {unknown}
 e - a potion of attraction {unknown}
 g - a potion of magic {unknown}


   Skills:
 - Level 2.0 Fighting
 - Level 2.1 Dodging
 - Level 3.0 Stealth
 - Level 3.0 Spellcasting
 - Level 3.0 Conjurations
 + Level 8.0 Air Magic


You had 3 spell levels left.
You knew the following spells:

 Your Spells              Type           Power      Damage    Failure   Level
a - Shock                 Conj/Air       88%        1d8       1%          1
b - Mephitic Cloud        Conj/Pois/Air  15%        N/A       11%         3
c - Airstrike             Air            15%        N/A       6%          4

Your spell library contained the following spells:

 Spells                   Type           Power      Damage    Failure   Level
 Swiftness                Air            31%        N/A       1%          3
 Static Discharge         Conj/Air       22%        N/A       2%          2
 Magic Dart               Conj           52%        1d5       4%          1
 Call Imp                 Summ           2%         N/A       24%         2
 Conjure Flame            Conj/Fire      8%         6-21      26%         3
 Ignite Poison            Fire/Tmut/Pois 2%         N/A       43%         3
 Sticky Flame             Conj/Fire      8%         2d3       65%         4
 Freezing Cloud           Conj/Ice/Air   7%         6-21      69%         5
 Simulacrum               Ice/Necr       1%         N/A       100%        6
 Polar Vortex             Ice            1%         N/A       100%        9


Dungeon Overview and Level Annotations

Branches:
Dungeon (4/15)
 Temple: D:4-7

Altars:
Ru
Zin

Shops:
D:4 (

Annotations:
D:3 exclusion: sky beast
D:4 Dowan, Duvessa


Innate Abilities, Weirdness & Mutations

You have a beak for a mouth.
You have claws for feet.
Your magical nature lets you fly swiftly and evasively.


Message History

The gnoll is severely wounded.
The zap hits the gnoll!
You kill the gnoll!
The zap hits the gnoll but does no damage.
The gnoll is severely wounded.
A gnoll comes into view. It is wielding a +0 spear.
The zap hits the gnoll.
The gnoll is severely wounded.
That beam is likely to hit you.
Continue anyway? [Y]es or [N]o only, please.
That beam is likely to hit you.
Continue anyway?
The zap hits the gnoll!
You kill the gnoll!
The zap misses you.
Your Air Magic skill increases to level 8!
The zap hits the gnoll.
The gnoll is lightly wounded.
The zap hits the gnoll.
The gnoll is heavily wounded.
The gnoll hits you from afar with a +0 spear.
The zap misses the gnoll.
The gnoll closely misses you.
The zap hits the gnoll.
The gnoll is heavily wounded.
The gnoll misses you.
The zap misses the gnoll.
The gnoll hits you but does no damage.
You are too depleted to draw on your mana recklessly!
The gnoll hits you with a +0 spear!
You hit the gnoll but do no damage. You claw the gnoll.
Your peck misses the gnoll.
The gnoll is severely wounded.
The gnoll barely misses you.
You hit the gnoll. You claw the gnoll.
The gnoll is almost dead.
The gnoll hits you with a +0 spear.
You closely miss the gnoll.
The gnoll is almost dead.
The gnoll hits you with a +0 spear! x2
* * * LOW HITPOINT WARNING * * *
The gnoll hits you from afar with a +0 spear.
You die...

#.. # +... #..
#....###### ...
..........# Y..
#..g.##...# ...
#.g #)..# Y.. #
#g..### #.....#
...#..# #@).#.#
#..#..# #...#.#
..#..# +...#.#
#.#..# ###.#.#
#.#..# #.#.#
#.....
..#.#######..#.#
..#............#
###########..#
#..#


You could see a gnoll.

Vanquished Creatures
  A black bear (D:4)
  A scorpion (D:4)
  A hound (D:2)
  An orc priest (D:4)
  An orc wizard (D:4)
  A hound skeleton (D:4)
  4 adders
  8 gnolls
  3 orcs (D:4)
  10 ball pythons
  5 bats
  6 endoplasms
  A giant cockroach (D:2)
  2 goblins (D:1)
  7 hobgoblins
  5 jackals
  6 quokkas
  3 frilled lizards
  5 kobolds
  8 rats
79 creatures vanquished.

Vanquished Creatures (others)
  11 plants
11 creatures vanquished.

Grand Total: 90 creatures vanquished

Notes
Turn   | Place    | Note
-------+----------+-------------------------------------------
     0 | D:1      | quinnr the Tengu Air Elementalist began the quest for the
                  | Orb.
     0 | D:1      | Reached XP level 1. HP: 10/10 MP: 4/4
   144 | D:1      | Reached XP level 2. HP: 15/15 MP: 3/6
   290 | D:1      | Reached skill level 5 in Air Magic
   818 | D:2      | Reached XP level 3. HP: 19/19 MP: 1/7
   961 | D:2      | Reached skill level 6 in Air Magic
  1094 | D:2      | Found a faded altar of an unknown god.
  1186 | D:2      | Learned a level 3 spell: Mephitic Cloud
  1399 | D:2      | Reached XP level 4. HP: 24/24 MP: 5/8
  2020 | D:3      | Found a sacrificial altar of Ru.
  2065 | D:2      | HP: 2/24 [cloud of noxious fumes (1)]
  2413 | D:3      | Gained mutation: Your magical nature lets you fly swiftly
                  | and evasively. [Tengu growth]
  2413 | D:3      | Reached XP level 5. HP: 28/28 MP: 6/9
  2478 | D:3      | Noticed a sky beast
  2635 | D:4      | Found Mabrum's Weapon Emporium.
  2635 | D:4      | Noticed a black bear
  2643 | D:4      | Learned a level 4 spell: Airstrike
  2727 | D:4      | Killed a black bear
  2728 | D:4      | Reached skill level 1 in Fighting
  2728 | D:4      | Reached skill level 7 in Air Magic
  2858 | D:4      | Reached XP level 6. HP: 34/34 MP: 3/11
  3321 | D:4      | Found a glowing silver altar of Zin.
  3644 | D:4      | Noticed Duvessa
  3657 | D:4      | Noticed Dowan
  3815 | D:3      | Reached skill level 8 in Air Magic
  3823 | D:3      | HP: 3/35 [gnoll (8)]
  3824 | D:3      | Slain by a gnoll

Illustrated notes

Levels and vault maps discovered:
D:1:      minmay_arrival_radiant_lines, layout_rooms
D:2:      layout_basic, hellmonk_ecumenical_altar_inner_sanctum,
          minmay_shallow_snake_nest
D:3:      layout_basic, mainiacjoe_overflow_boulevard,
          lemuel_coloured_pillars_altar, serial_bayou, serial_bayou_lagoon_a,
          serial_bayou_crossing, serial_bayou_shore_b, serial_bayou_shore_b
D:4:      layout_basic, kennysheep_mini, trog_three_pillars_becter,
          serial_shops, shop, uniq_duvessa

Skill      XL: |  1  2  3  4  5  6 |
---------------+-------------------+-----
Air Magic      | 5 6 7 8 |  8.0
Conjurations   | 2 3 |  3.0
Fighting       | 1 2 |  2.0
Spellcasting   | 3 |  3.0
Stealth        | 3 |  3.0
Dodging        | |  2.1

Action                   |  1- 3 |  4- 6 || total
-------------------------+-------+-------++-------
Melee: Unarmed           |     8 |     2 ||    10
       Falchion          |       |     7 ||     7
       Kick              |       |     3 ||     3
 Cast: Shock             |    80 |   109 ||   189
       Mephitic Cloud    |       |     2 ||     2
       Airstrike         |       |     1 ||     1
Armor: Robe              |     8 |     5 ||    13
Dodge: Dodged            |    14 |    37 ||    51
       Rpst.: Falchion   |       |     2 ||     2

Table legend: (Time is in decaauts)
 A = Elapsed time spent in this place.
 B = Non-inter-level travel time spent in this place.
 C = Inter-level travel time spent in this place.
 D = Time resting spent in this place.
 E = Time spent auto-exploring this place.
 F = Levels seen in this place.
 G = Mean time per level.
                   A        B        C        D        E       F      G
               +--------+--------+--------+--------+--------+-----+--------+
         Total |   3760 |   3717 |     43 |    583 |   2653 |   4 |  940.0 |
       Dungeon |   3760 |   3717 |     43 |    583 |   2653 |   4 |  940.0 |
               +--------+--------+--------+--------+--------+-----+--------+

Top non-repeatable levels by time:
     D:2: 1149 daAuts
     D:4: 1073 daAuts
     D:1: 822 daAuts
     D:3: 713 daAuts
